 Dungeon Crawl Stone Soup version 0.23.2 (webtiles) character file.

Game seed: 2590727309915357367

26830 arctice the Covert (level 13, -4/90 HPs)
             Began as an Octopode Fighter on Apr 12, 2019.
             Was a High Priest of Dithmenos.
             Slain by a five-headed hydra (13 damage)
             ... on level 4 of the Lair of Beasts.
             The game lasted 00:53:23 (18147 turns).

arctice the Covert (Octopode Fighter)              Turns: 18147, Time: 00:53:23

Health: -4/90      AC:  3    Str: 19    XL:     13   Next: 28%
Magic:  0/19       EV: 19    Int: 16    God:    Dithmenos [*****.]
Gold:   243        SH: 12    Dex: 15    Spells: 12/12 levels left

rFire    . . .     SeeInvis .   b - +2 short sword (flame)
rCold    . . .     Gourm    .   L - +2 shield
rNeg     + . .     Faith    .   A - +2 hat
rPois    +         Spirit   +   G - amulet of guardian spirit
rElec    .         Reflect  .   r - +2 ring of evasion
rCorr    .         Harm     .   B - ring of poison resistance
MR       .....                  m - ring of flight
Stlth    +++++++++.             D - +2 ring of strength
HPRegen  0.25/turn              O - ring of positive energy
MPRegen  0.16/turn              T - +6 ring of intelligence
                                (no ring)
                                (no ring)

@: wreathed by umbra
A: almost no armour, stealthy swim, amphibious, 8 rings, constrict 8, camouflage
1, gelatinous body 1
a: Shadow Step, Shadow Form, Renounce Religion, Evoke Flight


You were on level 4 of the Lair of Beasts.
You worshipped Dithmenos.
Dithmenos was extremely pleased with you.
You were not hungry.

You visited 3 branches of the dungeon, and saw 16 of its levels.
You also visited: Sewer.

You collected 744 gold pieces.
You spent 501 gold pieces at shops.

Inventory:

Hand Weapons
 a - a +1 dagger of speed
 b - a +2 short sword of flaming (weapon)
Missiles
 V - 4 javelins (quivered)
Armour
 A - a +2 hat (worn)
 L - a +2 shield (worn)
Jewellery
 m - a ring of flight (on tentacle)
 r - a +2 ring of evasion (left tentacle)
 u - an uncursed ring of fire
 y - an uncursed ring of fire
 B - a ring of poison resistance (right tentacle)
 D - a +2 ring of strength (on tentacle)
 G - an amulet of guardian spirit (around mantle)
 N - the ring of Due Proportion {rF++ MR+ Str-3 Stlth+}
   (You found it on level 1 of the Lair of Beasts)

   [ring of stealth]

   It affects your strength (-3).
   It greatly protects you from fire.
   It affects your resistance to hostile enchantments.
   It makes you more stealthy.
 O - a ring of positive energy (on tentacle)
 Q - an uncursed ring of ice
 T - a +6 ring of intelligence (on tentacle)
Wands
 k - a wand of disintegration (11)
 C - a wand of enslavement (6)
 F - a wand of acid (5)
 H - a wand of iceblast (6)
 I - a wand of polymorph (13)
 R - a wand of digging (4)
 U - a wand of random effects (11)
Scrolls
 e - 3 scrolls of amnesia
 f - 3 scrolls of immolation
 h - 2 scrolls of enchant armour
 i - 2 scrolls of identify
 l - 6 scrolls of teleportation
 n - 13 scrolls of remove curse
 J - 2 scrolls of torment
 P - a scroll of fog
Potions
 c - a potion of might
 g - 3 potions of resistance
 j - 3 potions of brilliance {unknown}
 o - 4 potions of flight
 p - 2 potions of magic {unknown}
 q - 2 potions of heal wounds
 s - 3 potions of lignification {unknown}
 t - 9 potions of curing
 v - 4 potions of agility
 w - a potion of invisibility {unknown}
 x - a potion of cancellation {unknown}
 E - 2 potions of ambrosia {unknown}
Miscellaneous
 M - a lightning rod (4/4)
Comestibles
 d - 36 rations
 z - 2 chunks of flesh


   Skills:
 + Level 8.8 Fighting
 * Level 11.7 Short Blades
 * Level 9.5 Dodging
 + Level 13.5 Stealth
 - Level 5.0 Shields
 * Level 8.3 Invocations
 + Level 7.0 Evocations


You had 12 spell levels left.
You didn't know any spells.
Your spell library contained the following spells:

 Spells                   Type           Power        Failure   Level  Hunger
 Flame Tongue             Conj/Fire      #....        65%         1    ##.....
 Freeze                   Ice            #...         65%         1    ##.....
 Throw Flame              Conj/Fire      #.....       80%         2    ###....
 Throw Frost              Conj/Ice       #.....       80%         2    ###....
 Conjure Flame            Conj/Fire      #.......     95%         3    ####...
 Inner Flame              Hex/Fire       #.......     95%         3    ####...
 Ozocubu's Armour         Chrm/Ice       #.......     95%         3    ####...
 Sticky Flame             Conj/Fire      #.......     100%        4    #####..
 Summon Ice Beast         Ice/Summ       #.......     100%        4    #####..
 Throw Icicle             Conj/Ice       #.......     100%        4    #####..
 Fireball                 Conj/Fire      #.........   100%        5    ######.


Dungeon Overview and Level Annotations

Branches:
Dungeon (11/15)            Temple (1/1) D:7            Lair (4/6) D:8
  Swamp (0/4) Lair:2        Snake (0/4) Lair:2          Orc (0/2) D:11

Altars:
Ashenzari
Cheibriados
Dithmenos
Elyvilon
Fedhas
Gozag
Hepliaklqana
Kikubaaqudgha
Makhleb
Nemelex Xobeh
Okawaru
Qazlal
Ru
Sif Muna
Trog
Uskayaw
Vehumet
Wu Jian
Xom
Yredelemnul
Zin
The Shining One

Shops:
D:6 }   D:10 *   D:11 %


Innate Abilities, Weirdness & Mutations

You cannot wear most types of armour.
You are very stealthy in the water. (Stealth+)
You are amphibious.
You can wear up to eight rings at the same time.
You can use your tentacles to constrict eight enemies at once.
Your skin changes colour to match your surroundings (Stealth+).
Your rubbery body absorbs attacks. (AC +1, EV +1)


Message History

The five-headed hydra barely misses you.
The five-headed hydra bites you.
* * * LOW HITPOINT WARNING * * *
The five-headed hydra bites you!
* * * LOW HITPOINT WARNING * * *
The five-headed hydra barely misses you.
Press: ? - help, v - describe, . - travel
Here: a five-headed hydra (water, heavily wounded, umbra) Some deep water.
Okay, then.
You feel much better.
The five-headed hydra bites you but does no damage.
The five-headed hydra misses you. The five-headed hydra bites you!
* * * LOW HITPOINT WARNING * * *
The five-headed hydra misses you. The five-headed hydra bites you!
* * * LOW HITPOINT WARNING * * *
The five-headed hydra bites you!
* * * LOW HITPOINT WARNING * * *
The five-headed hydra bites you!
You die...

+..≈....≈........
#.≈≈≈...........# ..≈≈
#.≈≈..≈........P# ..≈≈
#....≈≈≈......... ...≈≈
#...÷≈≈≈≈........ ...≈≈
#..≈≈≈≈≈≈≈....... ...≈≈.
#..≈≈≈≈≈≈≈.......
...≈≈.#####.≈≈≈≈≈≈≈≈....S..
...≈≈≈....@≈≈≈≈≈≈≈≈........
....≈≈≈≈≈≈D≈≈≈≈≈≈≈≈........
....≈≈≈≈≈≈≈≈≈≈≈≈≈≈......h..
....≈≈≈≈≈≈≈≈≈≈≈≈≈≈.........
.....≈≈≈≈≈≈≈≈≈≈≈≈..........
......≈≈≈≈≈≈≈≈≈≈...........
......≈≈≈≈≈≈≈≈≈............
.......≈≈≈≈≈≈..............
.........≈≈≈...............


You could see a five-headed hydra.

Vanquished Creatures
  A hydra (Lair:1)
  Fannar (Lair:2)
  Erica (Lair:2)
  A two-headed ogre (D:8)
  A tengu warrior (D:11)
  Urug (Lair:3)
  Sonja (Lair:4)
  A centaur zombie (D:11)
  A cyclops (D:9)
  3 spiny frogs
  The ghost of dscm the Chopper, a novice DsGl (D:5)
  4 komodo dragons
  3 kobold demonologists
  5 polar bears
  Prince Ribbit (D:7)
  3 trolls
  5 hippogriffs
  8 blink frogs
  A slime creature (D:11)
  A spriggan (Lair:2)
  14 yaks
  A wyvern (D:9)
  3 basilisks
  2 hungry ghosts
  Menkaure (D:6)
  5 porcupines
  7 swamp worms (Lair:1)
  6 water moccasins
  A sky beast (D:10)
  5 ice beasts
  9 orc warriors
  7 phantoms
  2 black bears
  A necrophage (D:7)
  5 ogres
  4 crocodiles
  5 centaurs
  11 wolves
  6 big kobolds
  Blork the orc (D:6)
  10 bullfrogs
  2 wyvern zombies
  A water moccasin zombie (D:11)
  3 scorpions
  21 killer bees
  A water moccasin skeleton (D:10)
  6 electric eels
  4 howler monkeys
  5 crimson imps
  3 bullfrog zombies
  A quasit (D:7)
  15 hounds
  10 jellies
  11 orc priests
  7 orc wizards
  A bullfrog skeleton (D:4)
  A centaur skeleton (D:7)
  4 iguanas
  7 worker ants
  A hound skeleton (D:5)
  A howler monkey zombie (D:9)
  2 worker ant zombies
  3 gnolls (D:6)
  A river rat (D:4)
  9 adders
  2 howler monkey skeletons
  2 shadow imps
  15 oozes
  An adder skeleton (D:5)
  3 worms
  2 dart slugs (D:2)
  7 leopard geckos
  58 orcs
  2 ball pythons
  4 giant cockroaches
  3 goblins (D:2)
  6 hobgoblins
  4 jackals
  6 quokkas
  5 bats
  7 frilled lizards
  A jackal skeleton (D:4)
  25 kobolds
  A leopard gecko skeleton (D:6)
  6 rats
  2 plants (Lair:1)
432 creatures vanquished.

Vanquished Creatures (others)
  6 fungi
6 creatures vanquished.

Grand Total: 438 creatures vanquished

Notes
Turn   | Place    | Note
-------+----------+-------------------------------------------
     0 | D:1      | arctice the Octopode Fighter began the quest for the Orb.
     0 | D:1      | Reached XP level 1. HP: 16/16 MP: 1/1
   862 | D:1      | Reached XP level 2. HP: 18/21 MP: 2/2
   899 | D:2      | Reached skill level 1 in Stealth
   938 | D:2      | Found a burning altar of Makhleb.
   984 | D:2      | Found a blossoming altar of Fedhas.
  1005 | D:2      | Found a sparkling altar of Nemelex Xobeh.
  1134 | D:2      | Reached XP level 3. HP: 21/26 MP: 3/3
  1244 | D:2      | Reached skill level 2 in Stealth
  1816 | D:3      | Found a faded altar of an unknown god.
  1834 | D:3      | Reached XP level 4. HP: 31/31 MP: 4/4
  2138 | D:4      | Found an opulent altar of Gozag.
  2249 | D:3      | Reached skill level 3 in Stealth
  2419 | D:4      | Reached XP level 5. HP: 34/36 MP: 5/5
  2444 | D:4      | Found a glowing drain.
  2495 | Sewer    | Entered a sewer
  2594 | Sewer    | Noticed a big kobold
  2594 | Sewer    | Noticed a big kobold
  2621 | Sewer    | Killed a big kobold
  2621 | Sewer    | Reached skill level 4 in Stealth
  2623 | Sewer    | Killed a big kobold
  2623 | Sewer    | Reached XP level 6. HP: 20/43 MP: 6/6
  2971 | D:4      | Reached skill level 5 in Stealth
  2987 | D:4      | Reached XP level 7. HP: 48/48 MP: 7/7
  4038 | D:5      | Entered Level 5 of the Dungeon
  4047 | D:5      | Reached skill level 6 in Stealth
  4109 | D:5      | Reached skill level 5 in Short Blades
  4109 | D:5      | Reached XP level 8. HP: 52/54 MP: 8/8
  4308 | D:5      | Found a runed translucent gate.
  4308 | D:5      | Found a runed translucent gate.
  4310 | D:5      | Found a runed translucent gate.
  4313 | D:5      | Noticed dscm's ghost (novice DsGl)
  4400 | D:5      | Reached skill level 7 in Stealth
  4870 | D:5      | Found a sacrificial altar of Ru.
  5040 | D:4      | Reached skill level 8 in Stealth
  5040 | D:4      | Reached skill level 5 in Shields
  5263 | D:5      | Reached skill level 5 in Fighting
  5263 | D:5      | Reached skill level 5 in Dodging
  5700 | D:6      | Reached XP level 9. HP: 61/61 MP: 9/9
  5707 | D:6      | Reached skill level 1 in Evocations
  5900 | D:6      | Noticed Menkaure
  5923 | D:6      | Noticed Blork the orc
  5933 | D:6      | Killed Blork the orc
  6050 | D:6      | Killed Menkaure
  6050 | D:6      | Reached skill level 9 in Stealth
  6213 | D:6      | Found a bloodstained altar of Trog.
  6404 | D:6      | Found Pupaeteu's Gadget Emporium.
  6642 | D:7      | Found an iron altar of Okawaru.
  7429 | D:7      | Reached skill level 10 in Stealth
  7579 | D:7      | Noticed Prince Ribbit
  7598 | D:7      | Reached XP level 10. HP: 62/68 MP: 13/13
  7622 | D:7      | Killed Prince Ribbit
  8579 | D:7      | Found a staircase to the Ecumenical Temple.
  8610 | Temple   | Entered the Ecumenical Temple
  8733 | Temple   | Became a worshipper of Dithmenos the Shadowed
  9124 | D:8      | Reached skill level 5 in Evocations
  9258 | D:8      | Found a snail-covered altar of Cheibriados.
  9302 | D:8      | Found a staircase to the Lair.
  9814 | D:8      | Reached * piety under Dithmenos
  9814 | D:8      | Reached skill level 11 in Stealth
 10267 | D:9      | Noticed a cyclops
 10317 | D:9      | Killed a cyclops
 10651 | D:9      | Reached XP level 11. HP: 74/74 MP: 15/15
 10712 | D:9      | Noticed a two-headed ogre
 11171 | D:8      | Killed a two-headed ogre
 11171 | D:8      | Reached ** piety under Dithmenos
 11171 | D:8      | Reached skill level 1 in Invocations
 11608 | D:10     | Entered Level 10 of the Dungeon
 12023 | D:10     | Reached skill level 12 in Stealth
 12129 | D:10     | Reached *** piety under Dithmenos
 12174 | D:10     | Found Takhyit's Assorted Antiques.
 12181 | D:10     | Bought a scroll labeled XIRUKA MAEDACK for 21 gold pieces
 12512 | D:11     | Found a staircase to the Orcish Mines.
 12574 | D:11     | Reached skill level 10 in Short Blades
 12668 | D:11     | Found Zebar Egebe's Food Boutique.
 13076 | D:11     | Reached **** piety under Dithmenos
 13100 | D:11     | Reached skill level 5 in Invocations
 13124 | D:11     | Noticed a tengu warrior
 13128 | D:11     | Killed a tengu warrior
 13128 | D:11     | Reached XP level 12. HP: 68/82 MP: 13/16
 13238 | Lair:1   | Entered Level 1 of the Lair of Beasts
 13297 | D:6      | Bought a lightning rod (4/4) for 480 gold pieces
 14576 | Lair:1   | Noticed an eight-headed hydra
 14598 | Lair:1   | Killed an eight-headed hydra
 15042 | Lair:1   | Got a faintly glowing silver ring
 15072 | Lair:1   | Identified the ring of Due Proportion {rF++ MR+ Str-3
                  | Stlth+} (You found it on level 1 of the Lair of Beasts)
 15555 | Lair:2   | Noticed Fannar
 15660 | Lair:2   | Found a staircase to the Swamp.
 15844 | D:5      | Killed dscm's ghost
 15992 | Lair:2   | Noticed Erica
 16005 | Lair:2   | Killed Erica
 16005 | Lair:2   | Reached skill level 13 in Stealth
 16053 | Lair:2   | Found a staircase to the Snake Pit.
 16505 | Lair:2   | Killed Fannar
 17063 | Lair:3   | Noticed Urug
 17161 | Lair:3   | Reached XP level 13. HP: 74/89 MP: 14/18
 17242 | Lair:3   | Reached ***** piety under Dithmenos
 17421 | Lair:3   | Killed Urug
 17634 | Lair:4   | Noticed Sonja
 17642 | Lair:4   | Killed Sonja
 18147 | Lair:4   | Slain by a five-headed hydra

Skill      XL: |  1  2  3  4  5  6  7  8  9 10 11 12 13 |
---------------+----------------------------------------+-----
Stealth        | 1 2 3 4 5 6 8 10 11 12 13 | 13.5
Short Blades   | 3 4 5 6 7 9 10 11 | 11.7
Fighting       | 4 5 6 7 8 |  8.8
Shields        | 4 5 |  5.0
Dodging        | 4 5 6 7 9 |  9.5
Evocations     | 4 6 7 |  7.0
Invocations    | 5 7 8 |  8.3

Action                   |  1- 3 |  4- 6 |  7- 9 | 10-12 | 13-15 || total
-------------------------+-------+-------+-------+-------+-------++-------
Melee: Rapier            |    61 |     4 |       |       |       ||    65
       Constrict         |    16 |    26 |    49 |   108 |     5 ||   204
       Tentacles         |    12 |    29 |   120 |   268 |    35 ||   464
       Dagger            |       |    90 |   411 |   417 |       ||   918
       Short sword       |       |       |       |   580 |   117 ||   697
Throw: Stone             |    37 |     2 |       |       |       ||    39
       Tomahawk          |       |       |     5 |    12 |       ||    17
Invok: Shadow Step       |       |       |       |     2 |       ||     2
Evoke: Wand              |       |       |     3 |    15 |     1 ||    19
  Use: Scroll            |     1 |     4 |     5 |    13 |     1 ||    24
       Potion            |       |       |     3 |     8 |     2 ||    13
 Stab: Sleeping          |     7 |     7 |    27 |    64 |    10 ||   115
       Distracted        |       |       |     1 |     6 |       ||     7
  Eat: Chunk             |     3 |     3 |    15 |    33 |     3 ||    57
Armor: Skin              |     3 |     2 |     7 |    26 |    11 ||    49
Dodge: Dodged            |    25 |    27 |   134 |   461 |    84 ||   731
Block: Shield            |    15 |    27 |   102 |   323 |    67 ||   534
